 Dungeon Crawl Stone Soup version 0.24.0-2-g5b39cebb1c (webtiles) character file.

Game seed: 17576375041010284226, levelgen mode: deterministic

5940 Mrkan the Grappler (level 10, -6/107 HPs)
             Began as a Troll Monk on Oct 31, 2019.
             Was an Elder of Kikubaaqudgha.
             Mangled by Erolcha
             ... wielding a +0 giant club
              (17 damage)
             ... on level 9 of the Dungeon.
             The game lasted 00:18:53 (7100 turns).

Mrkan the Grappler (Troll Monk)                     Turns: 7100, Time: 00:18:54

Health: -6/107     AC:  4    Str: 21    XL:     10   Next: 54%
Magic:  9/9        EV: 10    Int:  9    God:    Kikubaaqudgha [****..]
Gold:   556        SH:  0    Dex: 12    Spells: 8/9 levels left

rFire    + . .     SeeInvis .     - Unarmed
rCold    + . .     Gourm    +   (no shield)
rNeg     + . .     Faith    .   d - +0 robe {MR+}
rPois    +         Spirit   .   A - -2 hat of the Alchemist {rElec rPois rF+ rC+ rN+ MR+ rMut rCorr}
rElec    +         Reflect  .   (no cloak)
rCorr    +         Harm     .   (gloves unavailable)
rMut     +                      (boots unavailable)
MR       ++...                  (no amulet)
Stlth    ++........             t - ring of poison resistance
HPRegen  0.67/turn              c - +2 ring of slaying
MPRegen  0.11/turn

@: lethally poisoned (-6 -> -7)
A: large, unfitting armour, claws 3, fast metabolism 3, gourmand, regeneration
1, shaggy fur 1, tough skin 3
a: Receive Corpses, Renounce Religion


You were on level 9 of the Dungeon.
You worshipped Kikubaaqudgha.
Kikubaaqudgha was greatly pleased with you.
You were completely stuffed.

You visited 2 branches of the dungeon, and saw 10 of its levels.

You collected 556 gold pieces.

Inventory:

Missiles
 o - 6 boomerangs (quivered)
Armour
 d - a +0 robe of magic resistance (worn)
 A - the -2 hat of the Alchemist (worn) {rElec rPois rF+ rC+ rN+ MR+ rMut rCorr}
   (You found it on level 9 of the Dungeon)

   It protects you from fire.
   It protects you from cold.
   It insulates you from electricity.
   It protects you from poison.
   It protects you from negative energy.
   It affects your resistance to hostile enchantments.
   It provides partial protection from all sources of acid and corrosion.
   It protects you from mutation.
Jewellery
 c - a +2 ring of slaying (right claw)
 t - a ring of poison resistance (left claw)
Wands
 a - a wand of digging (4)
 e - a wand of polymorph (11)
 g - a wand of clouds (3)
 i - a wand of iceblast (11)
 l - a wand of enslavement (20)
 z - a wand of disintegration (12)
 C - a wand of paralysis (3)
Scrolls
 f - 4 scrolls of remove curse
 j - a scroll of immolation
 q - a scroll of enchant weapon
 v - 2 scrolls of identify
 y - 3 scrolls of teleportation
Potions
 h - a potion of flight
 m - 2 potions of haste {unknown}
 n - 3 potions of cancellation {unknown}
 p - 2 potions of curing {unknown}
 r - a potion of brilliance
 s - a potion of mutation {unknown}
 u - 7 potions of might
 w - 2 potions of agility
 x - a potion of magic {unknown}
Comestibles
 b - 20 rations
 B - 2 chunks of flesh


   Skills:
 - Level 9.3 Fighting
 - Level 2.4 Dodging
 - Level 1.0 Stealth
 - Level 10.5 Unarmed Combat
 * Level 5.1 Necromancy


You had 8 spell levels left.
You knew the following spells:

 Your Spells              Type           Power        Failure   Level  Hunger
a - Animate Skeleton      Necr           N/A          4%          1    ##.....

Your spell library contained the following spells:

 Spells                   Type           Power        Failure   Level  Hunger
 Pain                     Necr           #...         4%          1    ##.....
 Sublimation of Blood     Necr           #.........   8%          2    ###....
 Vampiric Draining        Necr           #.........   16%         3    ####...
 Magic Dart               Conj           #...         38%         1    ##.....
 Animate Dead             Necr           N/A          45%         4    #####..
 Searing Ray              Conj           #.....       52%         2    ###....
 Dazzling Spray           Conj/Hex       #.....       77%         3    ####...
 Agony                    Necr           #.......     80%         5    ######.
 Dispel Undead            Necr           #.......     80%         5    ######.
 Force Lance              Conj/Tloc      #.......     99%         4    #####..
 Fulminant Prism          Conj/Hex       #.........   99%         4    #####..
 Iskenderun's Mystic Bla  Conj           #.......     99%         4    #####..
 Excruciating Wounds      Chrm/Necr      #.........   99%         5    ######.
 Simulacrum               Ice/Necr       #.........   100%        6    #######


Dungeon Overview and Level Annotations

Branches:
Dungeon (9/15)             Temple (1/1) D:4
   Lair: D:8-11         Orc: D:9-12

Altars:
Ashenzari
Cheibriados
Dithmenos
Elyvilon
Fedhas
Gozag
Hepliaklqana
Kikubaaqudgha
Makhleb
Nemelex Xobeh
Okawaru
Qazlal
Ru
Sif Muna
Trog
Uskayaw
Vehumet
Wu Jian
Xom
Yredelemnul
Zin
The Shining One

Annotations:
D:9 Erolcha


Innate Abilities, Weirdness & Mutations

You are too large for most types of armour.
You have claws for hands.
Your metabolism is lightning-fast.
You like to eat raw meat.
Your natural rate of healing is unusually fast.
You are covered in fur. (AC +1)
You have extremely tough skin. (AC +3)


Message History

You feel sick. Something hits you!
You hear some strange, mumbled words.
A stone arrow appears from out of thin air!
The stone arrow hits you!
You feel sick. Something hits you!
You scratch something. Something hits you!!
* * * LOW HITPOINT WARNING * * *
You mangle something!!
You feel much better.
You feel sick.
You hear some strange, mumbled words.
Something tries to affect you, but you resist.
You claw something! Something hits you!!
* * * LOW HITPOINT WARNING * * *
You barely miss something. Something hits you!
* * * LOW HITPOINT WARNING * * *
You scratch something but do no damage. You scratch something.
Something hits you!
You die...
Kikubaaqudgha rasps: "You have failed me!
Welcome... death!"

....!........# .........#
#.# # .#+###+#{###.#.#
#.....#.#### ####.......#
#..####.# #..#
#######..####.# ###
#....@........# ..#
#.######..##### ..###
#.###.....##.# ....#####
#.#...รท......# ....#...#
#.#.#...#.##.#
....#.#.####)#.###.#.# ...
....#.#...##)#.....#..
.##.#
....#.###.##.#.....#.#..# #
....#...#.##.#..(..#.#..#..


There were no monsters in sight!

Vanquished Creatures
  A two-headed ogre (D:8)
  Pikel (D:8)
  Maurice (D:8)
  Joseph (D:9)
  2 hornets (D:9)
  2 hippogriffs (D:7)
  2 wyverns
  A soldier ant (D:9)
  6 orc warriors
  An ice beast (D:6)
  2 phantoms
  2 ogres
  2 centaurs
  A big kobold (D:7)
  3 bullfrogs
  2 gnoll sergeants
  A scorpion (D:7)
  6 howler monkeys
  A crimson imp (D:6)
  5 hounds
  3 jellies
  A gnoll shaman (D:4)
  2 orc priests
  2 centaur skeletons (D:9)
  7 orc wizards
  2 iguanas
  7 worker ants
  A hound zombie (D:4)
  18 gnolls
  12 adders
  A river rat (D:4)
  A shadow imp (D:5)
  An ooze (D:3)
  2 adder skeletons
  3 dart slugs
  2 leopard geckos
  33 orcs
  6 giant cockroaches
  5 goblins
  6 hobgoblins
  2 jackals (D:4)
  2 quokkas
  2 ball pythons
  5 bats
  13 frilled lizards
  11 kobolds
  A quokka skeleton (D:8)
  6 rats
200 creatures vanquished.

Vanquished Creatures (others)
  A giant cockroach (D:8)
1 creature vanquished.

Grand Total: 201 creatures vanquished

Notes
Turn   | Place    | Note
-------+----------+-------------------------------------------
     0 | D:1      | Mrkan the Troll Monk began the quest for the Orb.
     0 | D:1      | Reached XP level 1. HP: 22/22 MP: 0/0
    79 | D:1      | Reached XP level 2. HP: 29/29 MP: 1/1
   362 | D:1      | Reached skill level 4 in Unarmed Combat
   440 | D:1      | Reached XP level 3. HP: 36/36 MP: 2/2
  1193 | D:3      | Reached XP level 4. HP: 44/44 MP: 3/3
  1214 | D:3      | Reached skill level 5 in Unarmed Combat
  1450 | D:3      | Reached XP level 5. HP: 26/50 MP: 4/4
  1575 | D:3      | Reached skill level 6 in Unarmed Combat
  1818 | D:4      | Reached XP level 6. HP: 42/59 MP: 5/5
  1892 | D:4      | Found a staircase to the Ecumenical Temple.
  1901 | Temple   | Entered the Ecumenical Temple
  2310 | Temple   | Became a worshipper of Kikubaaqudgha
  2310 | Temple   | Reached * piety under Kikubaaqudgha
  2310 | Temple   | Identified Kikubaaqudgha's Guide on Stolen Souls
                  | (Kikubaaqudgha gifted it to you in the Ecumenical Temple)
  2310 | Temple   | Received a gift from Kikubaaqudgha
  2310 | Temple   | Reached ** piety under Kikubaaqudgha
  2316 | Temple   | Learned a level 1 spell: Animate Skeleton
  2366 | D:4      | Reached skill level 7 in Unarmed Combat
  2486 | D:4      | Found a stormy altar of Qazlal.
  2743 | D:5      | Entered Level 5 of the Dungeon
  2766 | D:5      | Found an opulent altar of Gozag.
  2989 | D:5      | Reached skill level 8 in Unarmed Combat
  2989 | D:5      | Reached XP level 7. HP: 57/66 MP: 6/6
  3486 | D:6      | Reached skill level 9 in Unarmed Combat
  3879 | D:6      | Reached XP level 8. HP: 59/74 MP: 7/7
  3999 | D:6      | Reached skill level 10 in Unarmed Combat
  4230 | D:7      | Reached *** piety under Kikubaaqudgha
  4230 | D:7      | Identified Kikubaaqudgha's Incunabulum of Stolen Souls
                  | (Kikubaaqudgha gifted it to you on level 7 of the Dungeon)
  4230 | D:7      | Received a gift from Kikubaaqudgha
  4242 | D:7      | Noticed a hippogriff
  4252 | D:7      | Killed a hippogriff
  4444 | D:7      | Noticed a hippogriff
  4453 | D:7      | Killed a hippogriff
  4453 | D:7      | Reached skill level 5 in Fighting
  4595 | D:7      | Reached XP level 9. HP: 72/88 MP: 8/8
  5139 | D:8      | Noticed a two-headed ogre
  5147 | D:8      | Killed a two-headed ogre
  5250 | D:8      | Noticed Pikel
  5258 | D:8      | Reached **** piety under Kikubaaqudgha
  5262 | D:8      | Killed Pikel
  5441 | D:8      | Noticed Maurice
  5455 | D:8      | Killed Maurice
  5455 | D:8      | Reached XP level 10. HP: 98/107 MP: 9/9
  5487 | D:8      | Found a hazy altar of Hepliaklqana.
  5554 | D:8      | Found a bloodstained altar of Trog.
  5770 | D:8      | Found a burning altar of Makhleb.
  5770 | D:8      | Found a hide-covered altar of Uskayaw.
  6215 | D:9      | Found the -2 hat of the Alchemist {rElec rPois rF+ rC+ rN+
                  | MR+ rMut rCorr}
  6242 | D:9      | Reached skill level 1 in Necromancy
  6762 | D:9      | Noticed Joseph
  6773 | D:9      | Killed Joseph
  7039 | D:9      | Reached skill level 5 in Necromancy
  7069 | D:9      | Noticed Erolcha
  7100 | D:9      | Mangled by Erolcha

Levels and vault maps discovered:
D:1:      saegor_arrival_miasma, layout_rooms, minmay_misc_feat_nine_boxes,
          st_stairs_13, chequers_serial_rivers_micro_b, minmay_hexomino_f4
D:2:      layout_rooms
D:3:      layout_rooms, first_ration
D:4:      layout_rooms, marbit_many_paths, minmay_temple_entry_trees,
          portal_sewer_entry_b, lemuel_another_geyser
D:5:      layout_loops_cross, grunt_gozag_breadcrumbs,
          chequers_serial_rivers_marsh, kennysheep_generic_room_11
D:6:      layout_cave_pods
D:7:      layout_loops_ring
D:8:      layout_loops_ring, kennysheep_mini, gammafunk_temple_overflow_statue,
          lemuel_coloured_pillars_altar, uniq_pikel, uniq_maurice
D:9:      layout_basic, david_orc_4, hangedman_pestilent_swarm, uniq_erolcha,
          uniq_joseph
Temple:   eino_temple_scatter_basement

Skill      XL: |  1  2  3  4  5  6  7  8  9 10 |
---------------+-------------------------------+-----
Unarmed Combat | 4 5 6 8 9 10 | 10.5
Fighting       | 5 9 |  9.3
Necromancy     | 5 |  5.1
Dodging        | |  2.4
Stealth        | |  1.0

Action                   |  1- 3 |  4- 6 |  7- 9 | 10-12 || total
-------------------------+-------+-------+-------+-------++-------
Melee: Unarmed           |    89 |   140 |   200 |   124 ||   553
       Punch             |     2 |     2 |     7 |     4 ||    15
  Use: Scroll            |       |       |    11 |       ||    11
       Potion            |       |       |     2 |     2 ||     4
 Stab: Sleeping          |     3 |     1 |     4 |     1 ||     9
  Eat: Chunk             |    16 |    17 |    22 |    15 ||    70
Armor: Robe              |    44 |    34 |    60 |    14 ||   152
Dodge: Dodged            |    52 |    64 |    97 |    49 ||   262
